 Dungeon Crawl Stone Soup version 0.19.5 (webtiles) character file.

2042 McKennaii the Cleaver (level 9, -3/78 HPs)
             Began as a Minotaur Fighter on May 4, 2017.
             Was a Believer of Okawaru.
             Slain by mezla's ghost (7 damage)
             ... on level 7 of the Dungeon.
             The game lasted 00:08:37 (4603 turns).

McKennaii the Cleaver (Minotaur Fighter)            Turns: 4603, Time: 00:08:38

Health: -3/78      AC: 12    Str: 21    XL:     9   Next: 4%
Magic:  16/17      EV: 12    Int:  5    God:    Okawaru [**....]
Gold:   332        SH: 12    Dex: 13    Spells: 0 memorised, 8 levels left

rFire  + . .     SeeInvis .     B - +1 hand axe (vamp)
rCold  . . .     Gourm    +     b - +0 scale mail
rNeg   . . .     Faith    .     c - +0 shield
rPois  .         Spirit   .     (helmet restricted)
rElec  .         Reflect  .     p - +1 cloak
rCorr  .         Harm     .     (no gloves)
MR     .....                    i - +0 pair of boots
Stlth  +.........               u - amulet of the gourmand
                                y - ring of magical power
                                q - ring of protection from fire

@: heroism, heavily drained
A: retaliatory headbutt, horns 2
a: Heroism, Renounce Religion


You were on level 7 of the Dungeon.
You worshipped Okawaru.
Okawaru was pleased with you.
You were completely stuffed.

You visited 1 branch of the dungeon, and saw 7 of its levels.

You collected 332 gold pieces.

Inventory:

Hand Weapons
 B - a +1 vampiric hand axe (weapon)
Armour
 b - a +0 scale mail (worn)
 c - a +0 shield (worn)
 i - a +0 pair of boots (worn)
 p - a +1 cloak (worn)
Jewellery
 q - a ring of protection from fire (left hand)
 u - an amulet of the gourmand (around neck)
 y - a ring of magical power (right hand)
Wands
 o - a wand of enslavement (10/24)
 z - a wand of lightning (8/15)
Scrolls
 e - 3 scrolls of enchant armour
 g - 3 scrolls of teleportation
 j - 4 scrolls of remove curse
 l - 5 scrolls of identify
 s - a scroll of fog {unknown}
 v - a scroll of amnesia {unknown}
 w - a scroll of noise {unknown}
Potions
 a - a potion of brilliance {unknown}
 h - 2 potions of flight
 m - a potion of lignification
 n - a potion of heal wounds
 r - a potion of haste {unknown}
 t - a potion of mutation {unknown}
 A - a potion of magic {unknown}
Books
 d - a book of Minor Magic

   Spells                             Type                      Level
   a - Magic Dart                     Conjuration                  1
   b - Blink                          Translocation                2
   c - Call Imp                       Summoning                    2
   d - Repel Missiles                 Charms/Air                   2
   e - Slow                           Hexes                        2
   f - Conjure Flame                  Conjuration/Fire             3
   g - Mephitic Cloud                 Conjuration/Poison/Air       3
Comestibles
 f - 7 bread rations
 k - 2 meat rations
 x - a slice of pizza
 C - 2 chunks of flesh


   Skills:
 + Level 6.7(9.6) Fighting
 + Level 9.5(12.3) Axes
 + Level 6.7(9.6) Armour
 + Level 3.2(6.3) Dodging
 + Level 1.4(4.6) Stealth
 + Level 6.5(9.4) Shields


You had 8 spell levels left.
You didn't know any spells.

Dungeon Overview and Level Annotations

Branches:
Dungeon (6/15)             Temple (0/1) D:4

Altars:
Okawaru
Vehumet
Yredelemnul
Zin
The Shining One

Annotations:
D:7 mezla's ghost, novice DrSk


Innate Abilities, Weirdness & Mutations

You reflexively headbutt those who attack you in melee.
You have a pair of horns on your head.


Message History

Mezla's ghost barely misses you. You furiously retaliate!
You headbutt mezla's ghost, but do no damage.
You closely miss mezla's ghost.
Mezla's ghost is heavily damaged.
You block mezla's ghost's attack.
You hit mezla's ghost but do no damage. You headbutt mezla's ghost.
Mezla's ghost is severely damaged.
You hit mezla's ghost but do no damage. You headbutt mezla's ghost.
Mezla's ghost is severely damaged.
You block mezla's ghost's attack.
You hit mezla's ghost but do no damage.
Mezla's ghost is severely damaged.
Mezla's ghost closely misses you.
You slash mezla's ghost!
You headbutt mezla's ghost, but do no damage.
Mezla's ghost is almost destroyed.
You hit mezla's ghost but do no damage.
Mezla's ghost is almost destroyed.
Mezla's ghost hits you!
You die...

# ############# .
#W##............ ..
.......>.......
...#+##.##.........
...........#######. ####
...........# # .....
......W@...### #..###.
.............# #......
###........#.#####.####.
#.......##.#.#......#.
...(......#.#..........
##########.#.#..........
#.#.........#.#
#.#####.###.#.# #.# #.#
# #.#


You could see mezla's ghost.

Vanquished Creatures
  The ghost of XxPooperXx the Cudgeler, a novice OgHu of Okawaru (D:4)
  Prince Ribbit (D:5)
  A human (D:5)
  2 black bears (D:6)
  An orc warrior (D:6)
  An ice beast (D:6)
  A phantom (D:6)
  2 centaurs
  A scorpion (D:5)
  A crimson imp (D:5)
  A hound (D:5)
  A bullfrog zombie (D:5)
  A jelly (D:6)
  2 orc priests
  2 bullfrog skeletons (D:4)
  6 orc wizards
  A worker ant (D:6)
  A hound zombie (D:7)
  3 worker ant zombies
  10 adders
  A shadow imp (D:6)
  3 oozes
  An adder skeleton (D:4)
  An adder zombie (D:5)
  2 worms
  2 dart slugs (D:2)
  8 leopard geckos
  21 orcs
  A ball python (D:1)
  4 bats
  5 giant cockroaches
  8 goblins
  6 hobgoblins
  12 jackals
  5 quokkas
  6 frilled lizards
  A jackal zombie (D:5)
  10 kobolds
  8 rats
145 creatures vanquished.

Notes
Turn   | Place    | Note
-------+----------+-------------------------------------------
     0 | D:1      | McKennaii the Minotaur Fighter began the quest for the Orb.
     0 | D:1      | Reached XP level 1. HP: 19/19 MP: 0/0
   101 | D:1      | Reached XP level 2. HP: 26/27 MP: 1/1
   480 | D:2      | Reached XP level 3. HP: 30/33 MP: 2/2
   540 | D:2      | Reached skill level 3 in Axes
   835 | D:2      | Reached XP level 4. HP: 41/41 MP: 3/3
  1022 | D:2      | Found a basalt altar of Yredelemnul.
  1194 | D:3      | Found a radiant altar of Vehumet.
  1388 | D:3      | Reached skill level 4 in Axes
  1392 | D:3      | Reached XP level 5. HP: 42/47 MP: 4/4
  1764 | D:3      | Noticed a centaur
  1775 | D:3      | Killed a centaur
  1775 | D:3      | Reached skill level 5 in Fighting
  1951 | D:4      | Noticed XxPooperXx's ghost (novice OgHu)
  1997 | D:4      | Killed XxPooperXx's ghost
  1997 | D:4      | Reached skill level 6 in Axes
  1997 | D:4      | Reached skill level 5 in Armour
  1997 | D:4      | Reached skill level 1 in Dodging
  1997 | D:4      | Reached skill level 5 in Shields
  1997 | D:4      | Reached XP level 6. HP: 9/56 MP: 5/5
  1997 | D:4      | Reached XP level 7. HP: 9/61 MP: 6/6
  2066 | D:4      | Reached skill level 1 in Stealth
  2408 | D:4      | Found an iron altar of Okawaru.
  2458 | D:4      | Became a worshipper of Warmaster Okawaru
  2620 | D:4      | Found a staircase to the Ecumenical Temple.
  2863 | D:5      | Entered Level 5 of the Dungeon
  2863 | D:5      | Noticed Prince Ribbit
  3220 | D:5      | Killed Prince Ribbit
  3220 | D:5      | Reached skill level 7 in Axes
  3271 | D:5      | Found a runed door.
  3271 | D:5      | Noticed a human
  3279 | D:5      | Reached * piety under Okawaru
  3279 | D:5      | Reached XP level 8. HP: 66/70 MP: 7/7
  3283 | D:5      | Found a basalt altar of Yredelemnul.
  3336 | D:5      | Found a glowing silver altar of Zin.
  3748 | D:5      | Reached skill level 8 in Axes
  4040 | D:5      | Found a glowing golden altar of the Shining One.
  4160 | D:6      | Reached skill level 9 in Axes
  4271 | D:6      | Reached ** piety under Okawaru
  4344 | D:6      | Reached XP level 9. HP: 69/78 MP: 8/8
  4459 | D:6      | You fall through a shaft!
  4566 | D:7      | Noticed mezla's ghost (novice DrSk)
  4596 | D:7      | HP: 3/78 [mezla's ghost/bolt of negative energy (15)]
  4603 | D:7      | Slain by mezla's ghost

Skill      XL: |  1  2  3  4  5  6  7  8 |
---------------+-------------------------+-----
Fighting       | 4 5 6 |  6.7
Armour         | 4 5 6 |  6.7
Axes           | 3 4 6 7 9 |  9.5
Shields        | 4 5 6 |  6.5
Dodging        | 1 2 3 |  3.2
Stealth        | 1 |  1.4

Action                   |  1- 3 |  4- 6 |  7- 9 || total
-------------------------+-------+-------+-------++-------
Melee: War axe           |    74 |   103 |   181 ||   358
       Headbutt          |    10 |    13 |    51 ||    74
       Hand axe          |       |       |    73 ||    73
Invok: Heroism           |       |       |     2 ||     2
  Use: Potion            |       |       |     5 ||     5
       Scroll            |       |       |     4 ||     4
  Eat: Chunk             |       |     3 |    23 ||    26
       Pizza             |       |       |     1 ||     1
Armor: Scale mail        |    28 |    29 |    70 ||   127
       Skin              |       |       |     7 ||     7
Dodge: Dodged            |    17 |    22 |    64 ||   103
Block: Shield            |    34 |    60 |   122 ||   216
